 Dungeon Crawl Stone Soup version 0.29.0 (webtiles) character file.

Game seed: 14501853034553243943

6476 catcat the Severer (level 10, 0/93 HPs)
             Began as a Minotaur Cinder Acolyte on Sept 2, 2022.
             Was a Believer of Ignis.
             Slain by a black mamba (11 damage)
             ... on level 8 of the Dungeon.
             The game lasted 00:18:14 (10701 turns).

catcat the Severer (Minotaur Cinder Acolyte)       Turns: 10701, Time: 00:18:14

Health: 0/93       AC: 17    Str: 23    XL:     10   Next: 68%
Magic:  10/10      EV:  8    Int: 11    God:    Ignis [**....]
Gold:   547        SH:  5    Dex:  6    Spells: 11/11 levels left

rFire   + . .      SeeInvis .   r - +4 hand axe
rCold   . . .      Faith    .   o - +1 buckler of Feptunta {Stlth+}
rNeg    . . .      Spirit   .   v - +1 chain mail
rPois   .          Reflect  .   (helmet restricted)
rElec   .          Harm     .   (no cloak)
rCorr   +          Rampage  .   (no gloves)
Will    .....                   (no boots)
Stlth   ..........              (no amulet)
HPRegen 0.25/turn               K - ring of resist corrosion
MPRegen 0.12/turn               (no ring)

@: fiery-armoured
A: horns 2, retaliatory headbutt
a: Renounce Religion, Fiery Armour, Foxfire Swarm, Rising Flame


You were on level 8 of the Dungeon.
You worshipped Ignis.
Ignis was pleased with you.
You visited 3 branches of the dungeon, and saw 11 of its levels.

You collected 547 gold pieces.

Inventory:

Hand Weapons
 a - a -1 hand axe of flaming
 r - a +4 hand axe (weapon)
 B - a +0 vorpal flail
Missiles
 A - 9 boomerangs (quivered)
 H - 15 poisoned darts
Armour
 b - a +0 robe
 d - a +0 ring mail
 o - the +1 buckler of Feptunta (worn) {Stlth+}
   (You found it on level 2 of the Dungeon)

   Stlth:     It makes you more stealthy.
 v - a +1 chain mail (worn)
 G - a +0 plate armour
Jewellery
 u - a ring of positive energy
 K - a ring of resist corrosion (left hand)
Wands
 q - a wand of flame (19)
Scrolls
 c - a scroll of noise
 e - 3 scrolls of enchant armour
 f - 2 scrolls of fear {unknown}
 h - 2 scrolls of blinking
 s - a scroll of poison {unknown}
 x - a scroll of acquirement {unknown}
 y - 2 scrolls of magic mapping {unknown}
 C - 2 scrolls of vulnerability {unknown}
 D - a scroll of immolation {unknown}
 J - a scroll of butterflies {unknown}
 L - 3 scrolls of amnesia
 M - a scroll of enchant weapon {unknown}
Potions
 g - 3 potions of haste
 j - 5 potions of mutation
 k - a potion of might
 l - 2 potions of cancellation
 m - 2 potions of lignification
 p - 3 potions of resistance
 t - a potion of flight {unknown}
 w - a potion of magic {unknown}
 z - 2 potions of berserk rage
 E - a potion of curing {unknown}
 F - 2 potions of attraction
 I - a potion of degeneration {unknown}
 N - a potion of ambrosia {unknown}


   Skills:
 * Level 10.0 Fighting
 - Level 15.0 Axes
 - Level 2.0 Throwing
 - Level 5.0 Armour
 - Level 4.0 Dodging
 - Level 4.0 Shields
 - Level 1.0 Spellcasting
 - Level 2.1 Fire Magic


You had 11 spell levels left.
You didn't know any spells.
Your spell library contained the following spells:

 Spells                   Type           Power      Damage    Failure   Level
 Scorch                   Fire           10%        2d6       88%         2
 Foxfire                  Conj/Fire      8%         2x1d4     89%         1
 Apportation              Tloc           0%         N/A       97%         1
 Conjure Flame            Conj/Fire      2%         6-21      99%         3
 Inner Flame              Hex/Fire       2%         N/A       99%         3
 Ignite Poison            Fire/Tmut/Pois 2%         N/A       100%        3
 Stone Arrow              Conj/Erth      0%         3d7       100%        3
 Animate Armour           Summ/Erth      0%         N/A       100%        4
 Flame Wave               Conj/Fire      2%         2d4       100%        4
 Sticky Flame             Conj/Fire      2%         2d3       100%        4
 Alistair's Intoxication  Tmut/Pois      0%         N/A       100%        5
 Lehudib's Crystal Spear  Conj/Erth      0%         10d2      100%        8


Dungeon Overview and Level Annotations

Branches:
Dungeon (9/15)             Temple (1/1) D:5            Lair (1/5) D:8
    Orc: D:9-12

Altars:
Cheibriados
Elyvilon
Fedhas
Gozag
Kikubaaqudgha
Makhleb
Nemelex Xobeh
Okawaru
Qazlal
Sif Muna
Uskayaw
Wu Jian
Xom
Zin
Lugonu

Shops:
D:5 (   D:9 **


Innate Abilities, Weirdness & Mutations

You have a pair of horns on your head.
You reflexively headbutt those who attack you in melee.


Message History

The bullfrog hits you but does no damage.
The bullfrog is burned by your cloak of flames.
The bullfrog is moderately wounded.
You closely miss the bullfrog. Your headbutt misses the bullfrog.
The bullfrog is moderately wounded.
You hit the bullfrog.
The bullfrog is heavily wounded.
The bullfrog hits you but does no damage.
The bullfrog is burned by your cloak of flames.
The bullfrog is severely wounded.
You completely miss the bullfrog.
The bullfrog is severely wounded.
Your extra speed is starting to run out.
Your surroundings suddenly seem different.
You feel yourself slow down.
A water moccasin comes into view.
A black mamba comes into view.
The sentinel's mark upon you fades away.
The black mamba bites you but does no damage.
The black mamba is burned by your cloak of flames.
The black mamba is lightly wounded.
The black mamba bites you but does no damage.
The black mamba is burned by your cloak of flames.
The black mamba is lightly wounded.
The black mamba attacks as you move away!
The black mamba bites you!
* * * LOW HITPOINT WARNING * * *
The black mamba is burned by your cloak of flames.
The black mamba is lightly wounded.
The black mamba barely misses you.
There is a staircase back to the Dungeon, spattered with blood here.
The black mamba barely misses you. x2
You climb upwards.
Welcome back to the Dungeon!
There is a staircase to the Lair here.
Your cloak of flame flares fiercely!
The black mamba barely misses you. You furiously retaliate!
You headbutt the black mamba! You completely miss the black mamba.
The black mamba is moderately wounded.
The black mamba bites you!
You die...

#....#...#....#....#..........
#..>.'...#....#....#..........
#....##..#....################
#....##..#....#....##......#..
##'########.....####.......#..
#.....###.........##...##..##.
#.....'#..P........##..######.
####...................#..##...#.
................@........>.....'.
.........#.......S........##..##'
.........##........^..#...##+###.
.........###.........###..##.....
..........####.....#########.....
.......................#..#######
................[......#..#......
..................>....#'##......
.........####....................


You could see a black mamba.

Vanquished Creatures
  A hydra (Lair:1)
  An elephant (D:8)
  A rime drake (Lair:1)
  3 cane toads
  A komodo dragon (Lair:1)
  5 blink frogs (Lair:1)
  Sigmund (D:3)
  A wyvern (D:8)
  A yak (D:8)
  2 basilisks
  A steam dragon (D:8)
  2 water moccasins (Lair:1)
  2 black bears
  An ice beast (D:8)
  2 sky beasts (D:7)
  2 orc warriors
  A centaur (D:6)
  A phantom (D:5)
  2 kobold brigands (D:9)
  2 bullfrogs (D:7)
  2 necrophages
  A scorpion (D:7)
  5 howler monkeys
  A hound (D:6)
  A jelly (D:7)
  7 orc priests
  4 iguanas
  A gnoll bouda (D:5)
  Terence (D:3)
  4 orc wizards
  5 gnolls
  9 adders
  3 white imps
  3 ufetubi
  A dart slug (D:2)
  20 orcs
  8 endoplasms
  A giant cockroach (D:1)
  8 hobgoblins
  7 jackals
  4 quokkas
  5 ball pythons
  3 bats
  8 frilled lizards
  4 goblins
  9 kobolds
  7 rats
165 creatures vanquished.

Vanquished Creatures (others)
  5 fungi
  A plant (Lair:1)
6 creatures vanquished.

Grand Total: 171 creatures vanquished

Notes
Turn   | Place    | Note
-------+----------+-------------------------------------------
     0 | D:1      | catcat the Minotaur Cinder Acolyte began the quest for the
                  | Orb.
     0 | D:1      | Reached XP level 1. HP: 19/19 MP: 1/1
    99 | D:1      | Reached skill level 4 in Axes
   157 | D:1      | Reached XP level 2. HP: 27/27 MP: 2/2
   663 | D:1      | Found a faded altar of an unknown god.
  1338 | D:2      | Reached XP level 3. HP: 33/33 MP: 3/3
  1560 | D:2      | Identified the +1 buckler of Feptunta {Stlth+}
  1584 | D:2      | Reached skill level 5 in Axes
  1955 | D:3      | Reached skill level 1 in Shields
  1955 | D:3      | Reached XP level 4. HP: 22/40 MP: 4/4
  2292 | D:3      | Reached skill level 6 in Axes
  2299 | D:3      | Noticed Terence
  2310 | D:3      | Killed Terence
  2311 | D:3      | Reached XP level 5. HP: 30/46 MP: 5/5
  2583 | D:3      | Noticed Sigmund
  2617 | D:3      | Killed Sigmund
  2618 | D:3      | Reached skill level 7 in Axes
  2618 | D:3      | Reached XP level 6. HP: 8/52 MP: 6/6
  3187 | D:4      | Found an iron altar of Okawaru.
  3400 | D:4      | Identified the +8 spear of Prudence {freeze, rElec Dex+5}
  3993 | D:4      | Noticed a moth of wrath
  4005 | D:5      | Entered Level 5 of the Dungeon
  4023 | D:5      | Found a shimmering blue altar of Sif Muna.
  4052 | D:5      | Reached skill level 8 in Axes
  4348 | D:5      | Found a staircase to the Ecumenical Temple.
  4731 | D:5      | Found a stormy altar of Qazlal.
  4755 | D:5      | Reached XP level 7. HP: 44/59 MP: 7/7
  4872 | D:5      | Reached skill level 9 in Axes
  4894 | D:5      | Found Behistra's Antique Weapon Boutique.
  5783 | D:6      | Reached skill level 10 in Axes
  5819 | D:6      | Reached XP level 8. HP: 49/66 MP: 8/8
  6042 | D:6      | Reached skill level 1 in Dodging
  6152 | D:6      | Found a sparkling altar of Nemelex Xobeh.
  6277 | D:6      | Found a hide-covered altar of Uskayaw.
  6397 | D:7      | Reached skill level 11 in Axes
  6476 | D:7      | Identified the +2 sling of the Endless Beggars {freeze,
                  | MP+9 Int+6 Dex+6}
  6563 | D:7      | Found an ornate altar of the Wu Jian Council.
  7417 | D:7      | Reached skill level 12 in Axes
  7996 | D:8      | Reached skill level 5 in Fighting
  8270 | D:8      | Found a staircase to the Lair.
  8270 | D:8      | Noticed an elephant
  8281 | D:8      | Reached XP level 9. HP: 74/74 MP: 9/9
  8288 | D:8      | Killed an elephant
  8289 | D:8      | Reached skill level 13 in Axes
  8647 | D:8      | Found an ancient bone altar of Kikubaaqudgha.
  8649 | D:8      | Found a blossoming altar of Fedhas.
  8990 | D:9      | Found Rusatergh's Island Escapes.
  9007 | D:9      | Reached skill level 1 in Throwing
  9140 | D:9      | Found Zin's Purification Station.
  9148 | D:9      | Found a glowing silver altar of Zin.
  9156 | D:9      | Reached skill level 14 in Axes
  9159 | D:9      | Noticed a kobold demonologist
  9386 | Temple   | Entered the Ecumenical Temple
  9539 | Lair:1   | Entered Level 1 of the Lair of Beasts
  9558 | Lair:1   | Noticed a cane toad
  9559 | Lair:1   | Noticed a cane toad
  9562 | Lair:1   | Noticed a rime drake
  9567 | Lair:1   | Killed a cane toad
  9568 | Lair:1   | Reached skill level 5 in Armour
  9860 | D:8      | Killed a cane toad
 10065 | Lair:1   | Killed a rime drake
 10066 | Lair:1   | Reached skill level 15 in Axes
 10066 | Lair:1   | Reached XP level 10. HP: 31/83 MP: 10/10
 10336 | Lair:1   | Noticed a cane toad
 10344 | Lair:1   | Killed a cane toad
 10613 | Lair:1   | Noticed a six-headed hydra
 10619 | Lair:1   | Killed a seven-headed hydra
 10672 | Lair:1   | Reached skill level 10 in Fighting
 10674 | Lair:1   | Noticed a cane toad
 10688 | Lair:1   | Noticed a black mamba
 10701 | D:8      | Slain by a black mamba

Illustrated notes

Levels and vault maps discovered:
D:1:      mrwooster_arrival_statue_2, layout_basic,
          shapermc_ecumenical_altar_totnotflames
D:2:      layout_rooms
D:3:      layout_loops_ring, uniq_sigmund, uniq_terence
D:4:      layout_loops_cross, okawaru_metal_pillars_1_2, tgw_trog,
          chequers_serial_rivers_micro_e
D:5:      layout_cave_pools, mainiacjoe_overflow_paths,
          nicolae_qazlal_scattered_showers, minmay_temple_entry_waves,
          serial_shops, shop
D:6:      layout_rooms, nemelex_diamond_rough_becter,
          mainiacjoe_overflow_concentric_impassable
D:7:      layout_loops_corners, lemuel_doored_altar, minmay_statues_item,
          st_stairs_3
D:8:      layout_gridville, grunt_temple_overflow_growth_and_decay,
          david_lair_generic
D:9:      layout_grid_maze, kennysheep_mini_moat, zin_purify,
          nicolae_island_escapes, uniq_maggie, uniq_psyche
Temple:   kb_corrupted_temple
Lair:1:   layout_cave_pods, nicolae_volcano_entry_vermiform,
          infiniplex_staircase_pool_2, grunt_megastairs_3

Skill      XL: |  1  2  3  4  5  6  7  8  9 10 |
---------------+-------------------------------+-----
Axes           | 4 5 6 7 8 10 12 15 | 15.0
Fighting       | 4 5 6 10 | 10.0
Shields        | 1 2 4 |  4.0
Armour         | 2 3 5 |  5.0
Dodging        | 2 4 |  4.0
Throwing       | 2 |  2.0
Spellcasting   | |  1.0
Fire Magic     | |  2.1

Action                   |  1- 3 |  4- 6 |  7- 9 | 10-12 || total
-------------------------+-------+-------+-------+-------++-------
Melee: Hand axe          |    93 |   155 |   262 |    61 ||   571
       Headbutt          |     5 |    11 |    46 |     8 ||    70
Throw: Boomerang         |       |       |     1 |     2 ||     3
Invok: Fiery Armour      |     1 |     3 |     3 |     2 ||     9
  Use: Scroll            |     2 |     3 |     9 |     1 ||    15
       Potion            |       |       |     1 |     5 ||     6
Armor: Ring mail         |    46 |     7 |       |       ||    53
       Robe              |     1 |       |       |       ||     1
       Chain mail        |       |    56 |   115 |    24 ||   195
Dodge: Dodged            |    61 |    36 |    63 |    19 ||   179
Block: Buckler           |     1 |    17 |    51 |    13 ||    82
